 Dungeon Crawl Stone Soup version 0.19-a0-1682-g5114f93 (webtiles) character file.

378 TheGoonsmith the Cudgeler (level 6, -2/49 HPs)
             Began as a Demonspawn Chaos Knight on Sept 24, 2016.
             Killed by nerve-wracking pain
             ... invoked by an orc priest
              (11 damage)
             ... on level 4 of the Dungeon.
             The game lasted 00:05:51 (4159 turns).

TheGoonsmith the Cudgeler (Demonspawn Chaos Knight) Turns: 4159, Time: 00:05:52

Health: -2/49      AC:  6    Str: 15    XL:     6   Next: 45%
Magic:  6/6        EV: 11    Int: 13    God:    Xom [.....*]
Gold:   187        SH:  4    Dex: 12    Spells: 0 memorised, 5 levels left

rFire  . . .     SeeInvis +     j - +0 mace
rCold  . . .     Gourm    .     b - +3 leather armour
rNeg   . . .     Faith    .     (no shield)
rPois  .         Spirit   .     (helmet restricted)
rElec  .         Dismiss  .     (no cloak)
rCorr  .         Reflect  .     (no gloves)
MR     .....     Harm     .     k - +0 pair of boots
Stlth  ++........ Rnd*Tele +    (no amulet)
                                (no ring)
                                o - ring of see invisible

@: no status effects
A: horns 2, large bone plates 1, blurry vision 1, deformed body, nightstalker 1,
teleportitis 1, evolution 1
a: Renounce Religion


You were on level 4 of the Dungeon.
You worshipped Xom.
You were Xom's teddy bear.
You were hungry.

You visited 1 branch of the dungeon, and saw 4 of its levels.

You collected 187 gold pieces.

Inventory:

Hand Weapons
 a - a +1 mace of chaos
 j - a +0 mace (weapon)
Missiles
 t - 3 tomahawks (quivered)
Armour
 b - a +3 leather armour (worn)
 k - a +0 pair of boots (worn)
Jewellery
 o - a ring of see invisible (left hand)
 q - an uncursed ring of flight {unknown}
Wands
 s - a wand of polymorph (20/24)
Scrolls
 g - a scroll of remove curse
 h - 2 scrolls of enchant weapon
 i - 2 scrolls of blinking
 r - 2 scrolls of identify
Potions
 e - a potion of brilliance
 f - a potion of lignification
 n - 3 potions of degeneration
 p - a potion of might
Comestibles
 c - 7 bread rations
 l - a meat ration


   Skills:
 + Level 4.6 Fighting
 * Level 5.8 Maces & Flails
 - Level 1.7 Armour
 - Level 0.8 Dodging


You had 5 spell levels left.
You didn't know any spells.

Dungeon Overview and Level Annotations

Branches:
Dungeon (4/15)
 Temple: D:4-7

Altars:
Dithmenos
Nemelex Xobeh
Xom


Innate Abilities, Weirdness & Mutations

You have a pair of horns on your head.
You are partially covered in large bone plates. (SH +4)
You are slightly more attuned to the shadows.
Scrolls take you a little longer to read.
Armour fits poorly on your strangely shaped body.
You are occasionally teleported next to monsters.
You evolve.


Message History

The orc priest is almost dead.
The orc hits you with a trident.
* * * LOW HITPOINT WARNING * * *
The orc hits you with a flail!
* * * LOW HITPOINT WARNING * * *
Xom roars with laughter!
The orc priest calls down the wrath of Beogh upon you.
Pain shoots through your body!
You die... "Not here, not now."
Xom revives you!
Unknown command.
The orc hits you from afar with a trident!
* * * LOW HITPOINT WARNING * * *
Really read with blurry vision while enemies are nearby?
Okay, then.
You feel better.
The orc priest mumbles some strange prayers to Beogh against you.
Pain shoots through your body!
You die...

#.# #####.#####
#.........# #.###.###.#
### ##.###.# #.# ##.##
#...##.###.###.#.##
##.##..o....##.##.###.#
.......oo........## ##.
##.###@##...##.##.###.#
# #.###.###.###.#.##
#..[......# ##.##
#####.##### #.# ##'##
#.### ##...## #....
##.....## #####
##.......## ##.##
#.........####...#


You could see an orc priest and 2 orcs.

Vanquished Creatures
  The ghost of Magifyre the Ruffian, an amateur TrMo (D:4)
  An orc wizard (D:4)
  3 worker ants (D:4)
  7 adders
  An ooze (D:3)
  2 worms
  A dart slug (D:1)
  A leopard gecko (D:1)
  2 orcs
  5 bats
  5 giant cockroaches
  7 goblins
  8 hobgoblins
  3 quokkas
  A ball python (D:2)
  A frilled lizard (D:3)
  5 kobolds
  7 rats
61 creatures vanquished.

Notes
Turn   | Place    | Note
-------+----------+-------------------------------------------
     0 | D:1      | TheGoonsmith the Demonspawn Chaos Knight began the quest for the Orb.
     0 | D:1      | Reached XP level 1. HP: 18/18 MP: 1/1
     2 | D:1      | Noticed a formicid
     4 | D:1      | Noticed a ghoul
     4 | D:1      | Noticed a troll
     6 | D:1      | Noticed a halfling
     8 | D:1      | Noticed a vine stalker
    10 | D:1      | Noticed a merfolk
    10 | D:1      | Noticed an elf
    12 | D:1      | Noticed an octopode
    12 | D:1      | Noticed a minotaur
    14 | D:1      | Noticed a vampire
    14 | D:1      | Noticed a gargoyle
    16 | D:1      | Noticed a demigod
    16 | D:1      | Noticed a centaur
    18 | D:1      | Noticed a spriggan
    18 | D:1      | Noticed a human
    20 | D:1      | Noticed a tengu
    20 | D:1      | Noticed a naga
    22 | D:1      | Noticed a felid
    22 | D:1      | Noticed a draconian
    24 | D:1      | Noticed a demonspawn
    24 | D:1      | Noticed an ogre
    26 | D:1      | Noticed a dwarf
    67 | D:1      | XOM: potion effect (agility)
    69 | D:1      | Reached skill level 3 in Maces & Flails
    76 | D:1      | Gained mutation: You have a pair of small horns on your head. [demonic ancestry]
    76 | D:1      | Reached XP level 2. HP: 15/24 MP: 2/2
   335 | D:1      | XOM: harmless Divn miscast
   487 | D:1      | Reached XP level 3. HP: 29/29 MP: 3/3
   927 | D:2      | Found a faded altar of an unknown god.
   952 | D:2      | Reached skill level 4 in Maces & Flails
  1193 | D:2      | Gained mutation: You have a pair of horns on your head. [demonic ancestry]
  1193 | D:2      | Reached XP level 4. HP: 36/36 MP: 4/4
  1229 | D:2      | Found a sparkling altar of Nemelex Xobeh.
  1327 | D:2      | XOM: smoke on damage
  1873 | D:3      | Found a shadowy altar of Dithmenos.
  2315 | D:3      | XOM: give mutations
  2315 | D:3      | Gained mutation: Armour fits poorly on your strangely shaped body. [Xom's mischief]
  2315 | D:3      | Gained mutation: You are occasionally teleported next to monsters. [Xom's mischief]
  2398 | D:3      | XOM: mild Pois miscast
  2608 | D:3      | XOM: give mutations
  2608 | D:3      | Gained mutation: You evolve. [Xom's mischief]
  2608 | D:3      | Lost mutation: Armour fits poorly on your strangely shaped body. [Xom's mischief]
  2608 | D:3      | Gained mutation: Your body sometimes deteriorates upon taking damage. [Xom's mischief]
  2608 | D:3      | Gained mutation: Your magical capacity is low. (-10% MP) [Xom's mischief]
  2817 | D:4      | XOM: give mutations
  2817 | D:4      | Lost mutation: Your body sometimes deteriorates upon taking damage. [Xom's mischief]
  2817 | D:4      | Gained mutation: Armour fits poorly on your strangely shaped body. [Xom's mischief]
  2817 | D:4      | Lost mutation: Your magical capacity is low. (-10% MP) [Xom's mischief]
  2943 | D:4      | Gained mutation: Scrolls take you a little longer to read. [evolution]
  3281 | D:4      | XOM: summons 1 hostile shadow creature
  3284 | D:4      | Noticed an ice beast
  3284 | D:4      | a worm changed into an ice beast
  3284 | D:4      | XOM: polymorph worm -> ice beast
  3284 | D:4      | XOM: smoke on damage
  3298 | D:4      | Gained mutation: You are slightly more attuned to the shadows. [demonic ancestry]
  3298 | D:4      | Reached XP level 5. HP: 9/42 MP: 5/5
  3428 | D:4      | XOM: mild Tmut miscast
  3646 | D:4      | Noticed Magifyre's ghost (amateur TrMo)
  3654 | D:4      | HP: 2/42 [Magifyre's ghost (3)]
  3671 | D:4      | Killed Magifyre's ghost
  3671 | D:4      | Reached skill level 5 in Maces & Flails
  3671 | D:4      | Gained mutation: You are partially covered in large bone plates. (SH +4) [demonic ancestry]
  3671 | D:4      | Reached XP level 6. HP: 11/49 MP: 6/6
  3754 | D:4      | XOM: god gift: potion of degeneration
  3827 | D:4      | XOM: god gift: knobbly runed staff {god gift}
  4010 | D:4      | XOM: scenery: create altars
  4156 | D:4      | HP: 1/49 [orc/flail (10)]
  4156 | D:4      | Xom revived you
  4159 | D:4      | Killed from afar by an orc priest

Vault maps used:
D:1:      kb_arrival_jail, minmay_tetromino_o4
D:2:      lemuel_doored_altar, ecumenical_altar_2, serial_corexii_hall,
          corexii_hall_statues_t, corexii_hall_statues_t
D:3:      grunt_dithmenos_smoke, serial_bayou, serial_bayou_shore_b,
          serial_bayou_shore_b, serial_bayou_pond_c, serial_bayou_shore_a

Skill      XL: |  1  2  3  4  5 |
---------------+----------------+-----
Maces & Flails | 3 4 5 |  5.8
Fighting       | 4 |  4.6
Armour         | |  1.7
Dodging        | |  0.8

Action                   |  1- 3 |  4- 6 || total
-------------------------+-------+-------++-------
Melee: Mace              |    76 |   127 ||   203
       Headbutt          |    11 |    20 ||    31
  Use: Scroll            |       |    11 ||    11
       Potion            |       |     5 ||     5
 Stab: Paralysed         |     1 |       ||     1
       Petrifying        |       |     1 ||     1
       Petrified         |       |     1 ||     1
  Eat: Chunk             |     1 |     4 ||     5
       Meat ration       |       |     1 ||     1
Armor: Leather armour    |    36 |    34 ||    70
Dodge: Dodged            |    65 |    94 ||   159
Block: Other             |       |     5 ||     5
